 Dungeon Crawl Stone Soup version 0.31-a0-574-g69dc8cc98e (webtiles) character file.

Game seed: 5561920722953515460

197 kae the Digger (level 5, -3/31 HPs)
             Began as an Octopode Earth Elementalist on Aug 18, 2023.
             Splashed by a jelly's acid (10 damage)
             ... on level 4 of the Dungeon.
             The game lasted 00:02:21 (2807 turns).

kae the Digger (Octopode Earth Elementalist)        Turns: 2807, Time: 00:02:22

Health: -3/31      AC:  1    Str:  8    XL:     5   Next: 75%
Magic:  6/9        EV: 13    Int: 19    God:
Gold:   155        SH:  0    Dex: 12    Spells: 6/10 levels left

rFire   . . .        l - staff of earth {!a}
rCold   . . .        (no shield)
rNeg    . . .        (helmet restricted)
rPois   .            (no amulet)
rElec   .            (no ring)
rCorr   .            (no ring)
SInv    .            (no ring)
Will    .....        (no ring)
Stlth   +++          (no ring)
HPRegen 0.25/turn    (no ring)
MPRegen 0.11/turn    (no ring)
                     (no ring)

%: no passive effects
@: lethally poisoned (-3 -> -11)
A: almost no armour, amphibious, 8 rings, camouflage 1, gelatinous body 1,
(nimble swimmer 1), tentacles
a: no special abilities


You were on level 4 of the Dungeon.
You visited 1 branch of the dungeon, and saw 4 of its levels.

You collected 172 gold pieces.
You spent 17 gold pieces at shops.


Innate Abilities, Weirdness & Mutations

You cannot wear most types of armour.
You are amphibious.
You can wear up to eight rings at the same time.
Your skin changes colour to match your surroundings (Stealth+).
Your rubbery body absorbs attacks. (AC +1, EV +1)
((You are camouflaged when in or above water. (Stealth+)))
You have tentacles for arms and can constrict up to eight enemies at once.


   Skills:
 - Level 2.0 Dodging
 - Level 2.6 Stealth
 + Level 3.3 Spellcasting
 + Level 1.4 Conjurations
 - Level 1.0 Transmutations
 * Level 5.1 Earth Magic


You had 6 spell levels left.
You knew the following spells:

 Your Spells              Type           Power      Damage    Failure   Level
a - Sandblast             Erth           68%        2d15      1%          1
b - Stone Arrow           Conj/Erth      46%        3d9       12%         3

Your spell library contained the following spells:

 Spells                   Type           Power      Damage    Failure   Level
 Passwall                 Tmut/Erth      18%        N/A       6%          2
 Slow                     Hex            12%        N/A       16%         1
 Petrify                  Tmut/Erth      22%        N/A       38%         4
 Frozen Ramparts          Ice            6%         1d1       41%         3
 Inner Flame              Hex/Fire       3%         N/A       41%         3
 Iskenderun's Battlesphe  Conj           8%         2d6       92%         5
 Yara's Violent Unravell  Hex/Tmut       2%         3d3       97%         5
 Leda's Unmaking          Conj/Erth      11%        9d3       99%         6
 Enfeeble                 Hex            1%         N/A       100%        7
 Spellforged Servitor     Conj/Summ      2%         N/A       100%        7
 Discord                  Hex            1%         N/A       100%        8

Inventory:

Missiles
 b - 30 stones
 e - 6 darts of dispersal {=f!f}
 f - 4 poisoned darts
Magical Staves
 l - a staff of earth (weapon) {!a}
   (You acquired it on level 3 of the Dungeon)
Jewellery
 Z - a ring of wizardry
   (You found it on level 4 of the Dungeon)
Wands
 i - a wand of charming (7)
   (You took it off Ijyb on level 3 of the Dungeon)
 m - a wand of polymorph (3)
   (You found it on level 2 of the Dungeon)
Scrolls
 c - 2 scrolls of vulnerability {!r!r}
 g - 3 scrolls of identify {@r1}
Potions
 a - a potion of magic
 d - a potion of curing {@q1}
 h - a potion of enlightenment
 j - a potion of heal wounds {unknown}
 k - a potion of mutation {unknown}

Dungeon Overview and Level Annotations

Branches:
Dungeon (4/15) Zot: 21151
 Temple: D:4-7

Altars:
Ashenzari
Dithmenos
Fedhas
Nemelex Xobeh
The Shining One

Shops:
D:2

[[*( ##.# ##...## #.....#
#.....######### ##
#......#....#.#####.
#...................
#.................
#.................
#@#..............#
##J#.##...........#
###............#....#
##......#......##....#
#......##.....####....
####....##.......####...
#.#.....#...###.......##
##...#...#....#######....
#.<............# ###..


You could see a jelly.


Message History

Confirm with . or Enter, or press ? or * to list all spells.
You can't see any susceptible monsters within range! (Use Z to cast anyway.)
Casting: Sandblast (safe; 1% risk of failure)
Confirm with . or Enter, or press ? or * to list all spells.
You can't see any susceptible monsters within range! (Use Z to cast anyway.)
Casting: Sandblast (safe; 1% risk of failure)
Confirm with . or Enter, or press ? or * to list all spells.
Aiming: Sandblast (safe; 1% risk of failure)
Press: ? - help, Shift-Dir - straight line, f - orc
Aim: an orc, wielding a +0 war axe (asleep, 100% to hit)
You feel a surge of power!
The blast of sand hits the orc!!
You kill the orc! 😎 MP[-1]
You lost 1 mp, and now have 7/9 mp.
Casting: Sandblast (safe; 1% risk of failure)
Confirm with . or Enter, or press ? or * to list all spells.
You can't see any susceptible monsters within range! (Use Z to cast anyway.)
Casting: Sandblast (safe; 1% risk of failure)
Confirm with . or Enter, or press ? or * to list all spells.
You can't see any susceptible monsters within range! (Use Z to cast anyway.)
j - a fizzy dark potion 😎 MP[+1]
Casting: Sandblast (safe; 1% risk of failure)
Confirm with . or Enter, or press ? or * to list all spells.
You can't see any susceptible monsters within range! (Use Z to cast anyway.)
Casting: Sandblast (safe; 1% risk of failure)
Confirm with . or Enter, or press ? or * to list all spells.
You can't see any susceptible monsters within range! (Use Z to cast anyway.)
Casting: Sandblast (safe; 1% risk of failure)
Confirm with . or Enter, or press ? or * to list all spells.
Aiming: Sandblast (safe; 1% risk of failure)
Press: ? - help, Shift-Dir - straight line, f - orc
Aim: an orc, wielding a +0 mace and wearing a +0 ring mail (86% to hit)
You feel a surge of power!
The blast of sand hits the orc!
You kill the orc! 😎 MP[-1]
You lost 1 mp, and now have 7/9 mp.
Casting: Sandblast (safe; 1% risk of failure)
Confirm with . or Enter, or press ? or * to list all spells.
You can't see any susceptible monsters within range! (Use Z to cast anyway.)
You now have 155 gold pieces (gained 13).
A jelly and a scorpion come into view. 😎 MP[+2]
Your mp is fully restored (9).
There are monsters nearby!
There are monsters nearby!
There are monsters nearby!
Casting: Sandblast (safe; 1% risk of failure)
Confirm with . or Enter, or press ? or * to list all spells.
Aiming: Sandblast (safe; 1% risk of failure)
Press: ? - help, Shift-Dir - straight line, f - scorpion
Aim: a scorpion (84% to hit)
You feel a surge of power!
You miscast Sandblast.
You are very lightly contaminated with residual magic.
Nothing appears to happen. 😎 MP[-1]
You lost 1 mp, and now have 8/9 mp.
The scorpion puts on a burst of speed as it pursues you!
Casting: Sandblast (safe; 1% risk of failure)
Confirm with . or Enter, or press ? or * to list all spells.
Aiming: Sandblast (safe; 1% risk of failure)
Press: ? - help, Shift-Dir - straight line, f/p - scorpion
Aim: a scorpion (pursuing quickly, 84% to hit)
You feel a surge of power!
The blast of sand hits the scorpion!
The scorpion stings you.
You are poisoned.
The scorpion poisons you!
Your magical contamination has completely faded away. 😕 HP[-3] MP[-1]
You take 3 damage, and now have 28/31 hp.
You lost 1 mp, and now have 7/9 mp.
Casting: Sandblast (safe; 1% risk of failure)
Confirm with . or Enter, or press ? or * to list all spells.
Aiming: Sandblast (safe; 1% risk of failure)
Press: ? - help, Shift-Dir - straight line, f/p - scorpion
Aim: a scorpion (heavily wounded, pursuing quickly, 84% to hit)
You feel a surge of power!
The blast of sand hits the scorpion.
You feel very sick. The scorpion stings you!
You are more poisoned.
The scorpion poisons you! The scorpion stings you.
* * * LOW HITPOINT WARNING * * *
😨 HP[-13] MP[-1]
You take 13 damage, and now have 15/31 hp.
MASSIVE DAMAGE!! (PAUSE)
You lost 1 mp, and now have 6/9 mp.
Casting: Sandblast (safe; 1% risk of failure)
Confirm with . or Enter, or press ? or * to list all spells.
Aiming: Sandblast (safe; 1% risk of failure)
Press: ? - help, Shift-Dir - straight line, f/p - scorpion
Aim: a scorpion (heavily wounded, pursuing quickly, 84% to hit)
You feel a surge of power!
The blast of sand hits the scorpion!
You kill the scorpion!
* * * LOW HITPOINT WARNING * * *
You feel very sick. The jelly hits you.
* * * LOW HITPOINT WARNING * * *
You are splashed with acid!
You die...

Skill      XL: |  1  2  3  4 |
---------------+-------------+-----
Earth Magic    | 4 5 |  5.1
Spellcasting   | 3 |  3.3
Conjurations   | 1 |  1.4
Dodging        | |  2.0
Stealth        | |  2.6
Transmutations | |  1.0

Action                     |  1- 3 |  4- 6 || total
---------------------------+-------+-------++-------
  Melee: Unarmed           |    11 |       ||    11
         Constrict         |     3 |       ||     3
   Cast: Sandblast         |    45 |    39 ||    84
    Use: Scroll            |     5 |     4 ||     9
         Potion            |       |     3 ||     3
   Stab: Sleeping          |     2 |       ||     2
 Armour: Skin              |     4 |       ||     4
  Dodge: Dodged            |    14 |     2 ||    16

Levels and vault maps discovered:
D:1:      eino_arrival_druids_welcome, layout_basic
D:2:      minmay_chambers_of_twos, layout_rooms, serial_shops, shop,
          nicolae_shop_window_shopping, nicolae_shop_waterfront,
          nicolae_shop_real_fake_doors
D:3:      layout_basic, pf_just_have_faith,
          nicolae_overflow_macrodata_refinement,
          chequers_ecumenical_altar_island, uniq_ijyb
D:4:      layout_cave_pools, serial_shops, nicolae_shop_mannequins

Notes
Turn   | Place    | Note
-------+----------+-------------------------------------------
     0 | D:1      | kae the Octopode Earth Elementalist began the quest for the
                  | Orb.
     0 | D:1      | Reached XP level 1. HP: 11/11 MP: 3/3
     0 | D:1      | magus.rc [v1.11.3]
   215 | D:1      | Reached XP level 2. HP: 17/17 MP: 3/5
  1038 | D:2      | Found Bionepov's Assorted Antiques.
  1063 | D:2      | You pick up a book of Power and begin reading...
  1063 | D:2      | You add the spells Iskenderun's Battlesphere, Leda's
                  | Unmaking and Spellforged Servitor to your library.
  1068 | D:2      | Found Meac Qemp's Antique Weapon Boutique.
  1101 | D:2      | Reached XP level 3. HP: 19/21 MP: 3/6
  1144 | D:2      | Bought a scroll labelled KOEBESCH DO WEOQURU for 17 gold
                  | pieces
  1195 | D:2      | You pick up a book of Misfortune and begin reading...
  1195 | D:2      | You add the spells Inner Flame, Yara's Violent Unravelling
                  | and Enfeeble to your library.
  1229 | D:2      | Reached skill level 4 in Earth Magic
  1269 | D:2      | You add the spells Slow, Frozen Ramparts and Discord to
                  | your library.
  1269 | D:2      | Got Atamenol's Elucidation of the Fey Wendigo
  1286 | D:2      | Found Cakkigh's Armour Shoppe.
  1348 | D:2      | Found Celub's Armour Shop.
  1655 | D:2      | Reached XP level 4. HP: 22/27 MP: 3/8
  1799 | D:3      | Identified a scroll of acquirement
  1799 | D:3      | Acquired a staff of earth
  1968 | D:3      | Learned a level 3 spell: Stone Arrow
  2045 | D:3      | Found a shadowy altar of Dithmenos.
  2047 | D:3      | Found a sparkling altar of Nemelex Xobeh.
  2050 | D:3      | Found a glowing golden altar of the Shining One.
  2069 | D:3      | Noticed Ijyb
  2086 | D:3      | Killed Ijyb
  2087 | D:3      | Reached skill level 3 in Spellcasting
  2170 | D:3      | Found a blossoming altar of Fedhas.
  2303 | D:3      | Found a broken altar of Ashenzari.
  2465 | D:3      | Found a faded altar of an unknown god.
  2601 | D:3      | Noticed a phantom
  2605 | D:3      | Killed a phantom
  2606 | D:3      | Reached skill level 1 in Conjurations
  2606 | D:3      | Reached skill level 5 in Earth Magic
  2606 | D:3      | Reached XP level 5. HP: 31/31 MP: 5/9
  2807 | D:4      | HP: 7/31 [jelly (3)]
  2807 | D:4      | Splashed by a jelly's acid

Vanquished Creatures
  A phantom (D:3)
  A scorpion (D:4)
  Ijyb (D:3)
  3 adders
  A worm (D:3)
  2 dart slugs
  4 orcs
  6 endoplasms
  3 giant cockroaches
  4 goblins
  5 hobgoblins
  4 quokkas
  7 ball pythons
  7 bats
  4 frilled lizards
  5 kobolds
  2 rats
60 creatures vanquished.

Table legend:
 A = Non-vault XP
 B = Vault XP
 C = Vault XP percentage of total XP
 D = Non-vault monster count
 E = Vault monster count
 F = Vault count percentage of total count
                 A         B        C        D         E       F
            +---------+---------+-------+---------+---------+-------
      Total |     309 |      60 |  16.3 |      51 |       9 |  15.0
            +---------+---------+-------+---------+---------+-------
        D:1 |      28 |       0 |   0.0 |      16 |       0 |   0.0
        D:2 |      40 |      25 |  38.5 |      15 |       8 |  34.8
        D:3 |     127 |      35 |  21.6 |      12 |       1 |   7.7
        D:4 |     114 |       0 |   0.0 |       8 |       0 |   0.0
            +---------+---------+-------+---------+---------+-------

Skill      XL: |  1  2  3  4 |
---------------+-------------+-----
Earth Magic    | 4 5 |  5.1
Spellcasting   | 3 |  3.3
Conjurations   | 1 |  1.4
Dodging        | |  2.0
Stealth        | |  2.6
Transmutations | |  1.0

Action                     |  1- 3 |  4- 6 || total
---------------------------+-------+-------++-------
  Melee: Unarmed           |    11 |       ||    11
         Constrict         |     3 |       ||     3
   Cast: Sandblast         |    45 |    39 ||    84
    Use: Scroll            |     5 |     4 ||     9
         Potion            |       |     3 ||     3
   Stab: Sleeping          |     2 |       ||     2
 Armour: Skin              |     4 |       ||     4
  Dodge: Dodged            |    14 |     2 ||    16

Illustrated notes

Table legend:
 A = Kills in this place as a percentage of kills in the entire game.
 B = Kills by you in this place as a percentage of kills by you in the entire game.
 C = Kills by friends in this place as a percentage of kills by friends in the entire game.
 D = Other kills in this place as a percentage of other kills in the entire game.
 E = Experience gained in this place as a percentage of experience gained in the entire game.
 F = Experience gained in this place divided by the number of levels of this place that you have seen.
                   A       B       C       D       E      F
               +-------+-------+-------+-------+-------+----------------------
         Total | 100.0 | 100.0 |   N/A |   N/A | 100.0 |  92.2
       Dungeon | 100.0 | 100.0 |   N/A |   N/A | 100.0 |  92.2
               +-------+-------+-------+-------+-------+----------------------

Table legend: (Time is in decaauts)
 A = Elapsed time spent in this place.
 B = Non-inter-level travel time spent in this place.
 C = Inter-level travel time spent in this place.
 D = Time resting spent in this place.
 E = Time spent auto-exploring this place.
 F = Levels seen in this place.
 G = Mean time per level.
                   A        B        C        D        E       F      G
               +--------+--------+--------+--------+--------+-----+--------+
         Total |   2847 |   2737 |    110 |    118 |   2259 |   4 |  711.8 |
       Dungeon |   2847 |   2737 |    110 |    118 |   2259 |   4 |  711.8 |
               +--------+--------+--------+--------+--------+-----+--------+

Top non-repeatable levels by time:
     D:1: 1047 daAuts
     D:3: 901 daAuts
     D:2: 775 daAuts
     D:4: 123 daAuts
